 Dungeon Crawl Stone Soup version 0.18.1-5-g4a78601 (webtiles) character file.

22 varam the Insei (level 2, -1/21 HPs)
             Began as a Merfolk Transmuter on May 10, 2016.
             Succumbed to a kobold's poison
             ... on level 1 of the Dungeon.
             The game lasted 00:01:24 (396 turns).

varam the Insei (Merfolk Transmuter)                 Turns: 396, Time: 00:01:25

Health: -1/21      AC:  4    Str: 10    XL:     2   Next: 91%
Magic:  4/5        EV: 13    Int: 12    God:
Gold:   54         SH:  0    Dex: 14    Spells: 1 memorised, 4 levels left

rFire  . . .     SeeInvis .       - Unarmed
rCold  . . .     Gourm    .     b - +0 robe
rNeg   . . .     Faith    .     (no shield)
rPois  .         Spirit   .     (no helmet)
rElec  .         Dismiss  .     j - +0 cloak
rCorr  .         Reflect  .     f - +0 pair of gloves
SustAt .         Harm     .     (no boots)
MR     .....                    (no amulet)
Stlth  +.........               (no ring)
                                (no ring)

@: lethally poisoned (-1 -> -22), appendage (expiring), not resistant to hostile
enchantments, very unstealthy
A: change form in water, swift swim, horns 2
a: End Transformation


You were on level 1 of the Dungeon.
You were not hungry.
You had grown temporary horns.
You visited 1 branch of the dungeon, and saw 1 of its levels.

You collected 54 gold pieces.

Inventory:

Missiles
 a - 23 arrows
Armour
 b - a +0 robe (worn)
 f - a +0 pair of gloves (worn)
 j - a +0 cloak (worn)
Scrolls
 l - a scroll of teleportation {unknown}
 m - a scroll of remove curse {unknown}
Potions
 e - 2 potions of lignification {unknown}
 i - a potion of might {unknown}
 k - a potion of invisibility {unknown}
 n - a potion of mutation {unknown}
Books
 c - a book of Changes

   Spells                             Type                      Level
   a - Beastly Appendage              Transmutation                1
   b - Sticks to Snakes               Transmutation                2
   c - Spider Form                    Transmutation/Poison         3
   d - Ice Form                       Ice/Transmutation            4
   e - Blade Hands                    Transmutation                5
Comestibles
 d - a bread ration
 g - a meat ration
 h - 2 chunks of flesh


   Skills:
 - Level 1.1 Fighting
 - Level 2.6 Dodging
 + Level 4.4 Unarmed Combat
 - Level 2.0 Spellcasting
 - Level 2.6 Transmutations


You had 4 spell levels left.
You knew the following spells:

 Your Spells              Type           Power        Failure   Level  Hunger
a - Beastly Appendage     Trmt           #.....       12%         1    ##.....


Dungeon Overview and Level Annotations

Branches:
Dungeon (1/15)

Altars:


Innate Abilities, Weirdness & Mutations

You revert to your normal form in water.
You are very nimble and swift while swimming.
You have a pair of horns on your head.


Message History

You are too injured to fight recklessly!
Unknown command.
You are too injured to fight recklessly!
Unknown command.
You are too injured to fight recklessly!
Unknown command.
You are too injured to fight recklessly!
Unknown command.
You are too injured to fight recklessly!
You punch the bat!
You kill the bat!
* * * LOW HITPOINT WARNING * * *
You feel sick. The giant newt barely misses you.
The kobold hits you with a short sword of venom.
* * * LOW HITPOINT WARNING * * *
* * * LOW HITPOINT WARNING * * *
You feel sick. The giant newt completely misses you.
The kobold barely misses you.
You see here a bat corpse.
You die...

....##...#.##......##.#.....#
#.#.##..#.#..........#.#....#
..#.....##.....(......##....#
..###..#................
....#...................
#.#...#####(............
#.##### #......(......
..###### #....l........
###....# #....†@.......
###.≈≈.####....K........
'.'.≈≈.'<##.............
'.'.≈≈.'.##.......%.....
###.§§.####.............
#.§..# #............. ######
#............. ####......#..#


You could see a kobold and a giant newt.

Vanquished Creatures
  A dart slug (D:1)
  3 bats (D:1)
  2 giant cockroaches (D:1)
  2 hobgoblins (D:1)
  3 jackals (D:1)
  A ball python (D:1)
  4 kobolds (D:1)
  A rat (D:1)
17 creatures vanquished.

Notes
Turn   | Place    | Note
--------------------------------------------------------------
     0 | D:1      | varam the Merfolk Transmuter began the quest for the Orb.
     0 | D:1      | Reached XP level 1. HP: 15/15 MP: 3/3
   113 | D:1      | Reached XP level 2. HP: 21/21 MP: 3/5
   116 | D:1      | Reached skill level 4 in Unarmed Combat
   395 | D:1      | HP: 1/21 [poisoned by a kobold]
   396 | D:1      | Succumbed to a kobold's poison

Skill      XL: |  1  2 |
---------------+-------+-----
Unarmed Combat | 4 |  4.4
Fighting       | |  1.1
Dodging        | |  2.6
Spellcasting   | |  2.0
Transmutations | |  2.6

Action                   || total
-------------------------++-------
Melee: Unarmed           ||    47
       Headbutt          ||     3
 Cast: Beastly Appendage ||     8
Armor: Robe              ||    15
Dodge: Dodged            ||    49
